 Dungeon Crawl Stone Soup version 0.18-a0-1666-g3ea6f2b (webtiles) character file.

40 Chiseanne the Chucker (level 3, 0/31 HPs)
             Began as a Ghoul Hunter on Mar 31, 2016.
             Slain by a worm (7 damage)
             ... on level 2 of the Dungeon.
             The game lasted 00:04:32 (1722 turns).

Chiseanne the Chucker (Ghoul Hunter)                Turns: 1722, Time: 00:04:33

Health: 0/31       AC:  5    Str: 15    XL:     3   Next: 50%
Magic:  2/2        EV: 12    Int:  6    God:
Gold:   20         SH:  0    Dex: 10    Spells: 0 memorised, 2 levels left

rFire  . . .     SeeInvis .     a - +0 short sword
rCold  + . .     Gourm    .     b - +0 leather armour
rNeg   + + +     Faith    .     (no shield)
rPois  ∞         Spirit   .     (no helmet)
rElec  .         Dismiss  .     j - +1 cloak
rCorr  .         Reflect  .     (no gloves)
SustAt .         Harm     .     (no boots)
MR     .....                    (no amulet)
Stlth  +.........               (no ring)
                                (no ring)

@: rotting, not resistant to hostile enchantments, very unstealthy
A: rotting body, claws 1, carnivore 3, cold resistance 1, negative energy
resistance 3, slow regeneration 1, torment resistance, unbreathing
a: no special abilities


You were on level 2 of the Dungeon.
You were not hungry.

You visited 1 branch of the dungeon, and saw 2 of its levels.

You collected 20 gold pieces.

Inventory:

Hand Weapons
 a - a +0 short sword (weapon)
Missiles
 d - 2 throwing nets (quivered) {!*}
 e - 4 needles of confusion
 i - 16 sling bullets
Armour
 b - a +0 leather armour (worn)
 j - a +1 cloak (worn)
Jewellery
 m - an uncursed ring of protection from fire {unknown}
Scrolls
 g - 3 scrolls of recharging {unknown}
Potions
 l - a potion of might {unknown}
Comestibles
 f - 2 meat rations
 h - a slice of pizza


   Skills:
 * Level 3.1 Fighting
 * Level 3.9 Throwing
 * Level 2.4 Dodging
 - Level 1.1 Stealth


You had 2 spell levels left.
You didn't know any spells.

Dungeon Overview and Level Annotations

Branches:
Dungeon (2/15)

Altars:


Innate Abilities, Weirdness & Mutations

Your body is rotting away.
You thrive on raw meat.
You are immune to poison.
You have sharp fingernails.
You are carnivorous and can eat meat at any time.
Your flesh is cold resistant.
You are immune to negative energy.
You regenerate slowly when monsters are visible.
You are immune to unholy pain and torment.
You can survive without breathing.


Message History

Throwing (i - inventory. (,) - cycle):
c - 3 javelins (quivered)
Press: ? - help, Shift-Dir - straight line, f/p - worm
Aim: a worm (moderately wounded)
You throw a javelin. The javelin barely misses the worm.
Throwing (i - inventory. (,) - cycle):
c - 2 javelins (quivered)
Press: ? - help, Shift-Dir - straight line, f/p - worm
Aim: a worm (moderately wounded)
You throw a javelin. The javelin hits the worm.
The worm is heavily wounded.
Throwing (i - inventory. (,) - cycle):
c - a javelin (quivered)
Press: ? - help, Shift-Dir - straight line, f/p - worm
Aim: a worm (heavily wounded)
You throw a javelin. The javelin barely misses the worm.
The worm bites you but does no damage.
You hit the worm.
The worm is heavily wounded.
You hit the worm.
The worm is almost dead.
The worm bites you!
You die...

#.# #.)..........+ #.#
#........(...# #.#
#............# #.#
#............# #.#
#########(#### #.# #(#
##.######## #(#
#.........# #w#
##..#####.# #@# #..#
#<# #.#
#..###########.#
#..............######
##....................
############.........
#......... #......(..
#.........


You could see a worm.

Vanquished Creatures
  3 oozes (D:1)
  A worm (D:2)
  A dart slug (D:1)
  5 bats
  2 giant cockroaches (D:1)
  3 goblins (D:1)
  3 hobgoblins (D:1)
  A kobold (D:1)
  A giant newt (D:1)
  3 rats (D:1)
23 creatures vanquished.

Notes
Turn   | Place    | Note
--------------------------------------------------------------
     0 | D:1      | Chiseanne the Ghoul Hunter began the quest for the Orb.
     0 | D:1      | Reached XP level 1. HP: 17/17 MP: 0/0
   363 | D:1      | Reached XP level 2. HP: 5/23 MP: 1/1
  1023 | D:1      | Reached XP level 3. HP: 21/30 MP: 2/2
  1722 | D:2      | Slain by a worm

Vault maps used:
D:1:      dpeg_arrival_subterranean_lakeside_camping, wad_floor_pattern_2
D:2:      uniq_iyjb, uniq_robin

Skill      XL: |  1  2 |
---------------+-------+-----
Dodging        | 2 |  2.4
Fighting       | 3 |  3.1
Throwing       | |  3.9
Stealth        | |  1.1

Action                   || total
-------------------------++-------
Melee: Short sword       ||   117
Throw: Throwing net      ||     1
       Javelin           ||     7
  Use: Scroll            ||     7
 Stab: Sleeping          ||     1
  Eat: Chunk             ||     9
